cohdb
Replays
Latest Replays
All Replays
Popular Replays
Top Player Replays
Match Explorer
How It Works
Community
CoH3 Stats
Reddit
Sign in to upload your games and track your stats! →
Sign in with Steam
Match 41748437
Unlisted
Match 41748437
Overview
Messages
Build Orders
End
Panzergrenadier Squad
250 Light Carrier
Panzergrenadier Squad
Panzergrenadier Squad
Selects Panzerjäger Kommand Battlegroup
Selects GrB 39 Grenade Launcher Requisition
Construct Light Support Kompanie
Fire Support Elements
Selects Mine Fields
Selects Defensive Positions
Panzerjäger Mechanized Group
Flakvierling Half-track
2.5-tonne Medical Truck
Selects Butterfly Bomb Drop
Vehicle Survival Package
Panzerjäger Mechanized Group
Selects Crew Shock Tactics
Panzergrenadier Squad
Panzergrenadier Squad
2.5-tonne Medical Truck
Butterfly Bomb Drop
Assault Mechanized Group
Naimreach
Thule
neko chan
Insomniac
0
0
Comments
sign in to comment!
No comments posted yet!